| TOP OF THE 1ST |
|
Sioux Falls Packers batting - Pitching for Watertown Bucks : RHP Thomas Siebert
|
|
Pitching: RHP Thomas Siebert
|
|
|
Batting: RHB Donald Devlin
|
0-0: Called Strike 0-1: Ball 1-1: Ball 2-1: Ground out 5-3 (Groundball, 5L, EV 87.5 MPH)
|
|
Batting: RHB Javier Flores
|
0-0: Ball 1-0: Fly out, F8 (Flyball, 78D, EV 92.5 MPH)
|
|
Batting: LHB Mike Aldrete
|
0-0: Called Strike 0-1: Ball 1-1: Ball 2-1: Ball 3-1: Fly out, F8 (Line Drive, 8LM, EV 92.5 MPH)
|
| Top of the 1st over - 0 runs, 0 hits, 0 errors, 0 left on base; Sioux Falls 0 - Watertown 0 |
| BOTTOM OF THE 1ST |
|
Watertown Bucks batting - Pitching for Sioux Falls Packers : LHP Jose Perez
|
|
Pitching: LHP Jose Perez
|
|
|
Batting: RHB Thomas Dimino
|
0-0: Foul Ball, location: 2F 0-1: Ball 1-1: Ground out 6-3 (Groundball, 6M, EV 101.9 MPH)
|
|
Batting: RHB Robert Tanzi
|
0-0: Foul Ball, location: 2F 0-1: Swinging Strike 0-2: Fly out, F7 (Flyball, 78S, EV 89.4 MPH)
|
|
Batting: RHB Randy Hunt
|
0-0: Ball 1-0: Foul Ball, location: 2F 1-1: Ball 2-1: Ball 3-1: Base on Balls
|
|
Batting: RHB Richard Plautz
|
0-0: Called Strike 0-1: Ball 1-1: Foul Ball, location: 2F 1-2: Foul Ball, location: 2F 1-2: Fly out, F8 (Flyball, 78D, EV 93.1 MPH)
|
| Bottom of the 1st over - 0 runs, 0 hits, 0 errors, 1 left on base; Sioux Falls 0 - Watertown 0 |
| TOP OF THE 2ND |
|
Sioux Falls Packers batting - Pitching for Watertown Bucks : RHP Thomas Siebert
|
|
Batting: SHB Dan Hanggie
|
0-0: Fly out, F9 (Flyball, 89D, EV 102.5 MPH)
|
|
Batting: LHB Randy Salava
|
0-0: Ground out 4-3 (Groundball, 4, EV 91.3 MPH)
|
|
Batting: SHB Gary Springer
|
0-0: Called Strike 0-1: Swinging Strike 0-2: Foul Ball, location: 2F 0-2: Foul Ball, location: 2F 0-2: Strikes out swinging
|
| Top of the 2nd over - 0 runs, 0 hits, 0 errors, 0 left on base; Sioux Falls 0 - Watertown 0 |
| BOTTOM OF THE 2ND |
|
Watertown Bucks batting - Pitching for Sioux Falls Packers : LHP Jose Perez
|
|
Batting: LHB Greg Guin
|
0-0: Called Strike 0-1: SOLO HOME RUN (Flyball, 9D, EV 95.0 MPH), Distance : 348 ft
|
|
Batting: RHB Eugene Cattane
|
0-0: SINGLE (Line Drive, 34, EV 98.1 MPH)
|
|
Batting: LHB Bryan Neal
|
0-0: Ball 1-0: Called Strike 1-1: Ball 2-1: Fly out, F8 (Flyball, 8RD, EV 98.8 MPH)
|
|
Batting: SHB Luis Rivera
|
0-0: Ball 1-0: Foul Ball, location: 2F 1-1: Swinging Strike 1-2: Strikes out swinging
|
|
Batting: LHB Manuel Vigil
|
0-0: Ball 1-0: Ball 2-0: Foul Ball, location: 2F 2-1: Foul Ball, location: 2F 2-2: Strikes out looking
|
| Bottom of the 2nd over - 1 run, 2 hits, 0 errors, 1 left on base; Sioux Falls 0 - Watertown 1 |
| TOP OF THE 3RD |
|
Sioux Falls Packers batting - Pitching for Watertown Bucks : RHP Thomas Siebert
|
|
Batting: LHB Michael Robbins
|
0-0: Ball 1-0: Called Strike 1-1: Swinging Strike 1-2: Strikes out swinging
|
|
Batting: RHB Ben Amaya
|
0-0: Ball 1-0: Ball 2-0: Foul Ball, location: 2F 2-1: Ball 3-1: Fly out, F7 (Flyball, 78M, EV 70.6 MPH)
|
|
Batting: RHB Francisco Perez
|
0-0: Ball 1-0: Fly out, F6 (Popup, 56D, EV 68.1 MPH)
|
| Top of the 3rd over - 0 runs, 0 hits, 0 errors, 0 left on base; Sioux Falls 0 - Watertown 1 |
| BOTTOM OF THE 3RD |
|
Watertown Bucks batting - Pitching for Sioux Falls Packers : LHP Jose Perez
|
|
Batting: RHB Thomas Dimino
|
0-0: Called Strike 0-1: Swinging Strike 0-2: SINGLE (Line Drive, 8RS, EV 96.9 MPH)
|
|
Batting: RHB Robert Tanzi
|
0-0: Foul Ball, location: 2F 0-1: Ball Thomas Dimino steals 2nd base 1-1: Ground out 4-3 (Groundball, 4, EV 91.3 MPH) Thomas Dimino to third
|
|
Batting: RHB Randy Hunt
|
0-0: Ball 1-0: Ball 2-0: Ball 3-0: Called Strike 3-1: Foul Ball, location: 2F 3-2: Fly out, F9 (Flyball, 9S, EV 92.5 MPH)
|
|
Batting: RHB Richard Plautz
|
0-0: Called Strike 0-1: Ball 1-1: Ball 2-1: Swinging Strike 2-2: Strikes out looking
|
| Bottom of the 3rd over - 0 runs, 1 hit, 0 errors, 1 left on base; Sioux Falls 0 - Watertown 1 |
| TOP OF THE 4TH |
|
Sioux Falls Packers batting - Pitching for Watertown Bucks : RHP Thomas Siebert
|
|
Batting: RHB Donald Devlin
|
0-0: Ball 1-0: Ground out 4-3 (Groundball, 34, EV 108.1 MPH)
|
|
Batting: RHB Javier Flores
|
0-0: Fly out, F8 (Flyball, 8LD, EV 90.6 MPH)
|
|
Batting: LHB Mike Aldrete
|
0-0: Foul Ball, location: 2F 0-1: Foul Ball, location: 2F 0-2: Ball 1-2: Strikes out swinging
|
| Top of the 4th over - 0 runs, 0 hits, 0 errors, 0 left on base; Sioux Falls 0 - Watertown 1 |
| BOTTOM OF THE 4TH |
|
Watertown Bucks batting - Pitching for Sioux Falls Packers : LHP Jose Perez
|
|
Batting: LHB Greg Guin
|
0-0: Ball 1-0: Foul Ball, location: 2F 1-1: Foul Ball, location: 2F 1-2: Ball 2-2: Foul Ball, location: 2F 2-2: Ground out 4-3 (Groundball, 4, EV 85.0 MPH)
|
|
Batting: RHB Eugene Cattane
|
0-0: Ground out U3 (Groundball, 34, EV 100.0 MPH)
|
|
Batting: LHB Bryan Neal
|
0-0: Ball 1-0: Ball 2-0: Called Strike 2-1: DOUBLE (Flyball, 89D, EV 94.4 MPH)
|
|
Batting: SHB Luis Rivera
|
0-0: Ball 1-0: Foul Ball, location: 2F 1-1: SINGLE (Groundball, 25, EV 73.1 MPH) (infield hit) Bryan Neal to third
|
|
Batting: LHB Manuel Vigil
|
0-0: Ground out U3 (Groundball, 3, EV 86.3 MPH)
|
| Bottom of the 4th over - 0 runs, 2 hits, 0 errors, 2 left on base; Sioux Falls 0 - Watertown 1 |
| TOP OF THE 5TH |
|
Sioux Falls Packers batting - Pitching for Watertown Bucks : RHP Thomas Siebert
|
|
Batting: SHB Dan Hanggie
|
0-0: Ball 1-0: Swinging Strike 1-1: Ground out 3-1 (Groundball, 34, EV 111.3 MPH)
|
|
Batting: LHB Randy Salava
|
0-0: Ball 1-0: Foul Ball, location: 2F 1-1: SINGLE (Line Drive, 78S, EV 97.5 MPH)
|
|
Batting: SHB Gary Springer
|
0-0: Foul Ball, location: 2F 0-1: Ball 1-1: SINGLE (Line Drive, 9S, EV 89.4 MPH) Randy Salava to second Runner from 2nd tries for 3rd, SAFE, throw by RF made to third
|
|
Batting: LHB Michael Robbins
|
0-0: Ball 1-0: Ground out 3-1 (Groundball, 34S, EV 82.5 MPH) Gary Springer to second
|
|
Batting: RHB Ben Amaya
|
0-0: Called Strike 0-1: Called Strike 0-2: Ball 1-2: Foul Ball, location: 2F 1-2: Ground out 6-3 (Groundball, 6, EV 85.0 MPH)
|
| Top of the 5th over - 0 runs, 2 hits, 0 errors, 2 left on base; Sioux Falls 0 - Watertown 1 |
| BOTTOM OF THE 5TH |
|
Watertown Bucks batting - Pitching for Sioux Falls Packers : LHP Jose Perez
|
|
Batting: RHB Thomas Dimino
|
0-0: Called Strike 0-1: Fly out, F6 (Line Drive, 6, EV 65.0 MPH)
|
|
Batting: RHB Robert Tanzi
|
0-0: Ball 1-0: Swinging Strike 1-1: Foul Ball, location: 2F 1-2: Strikes out swinging
|
|
Batting: RHB Randy Hunt
|
0-0: Ball 1-0: Ball 2-0: Foul Ball, location: 2F 2-1: SINGLE (Groundball, 4MD, EV 95.6 MPH)
|
|
Batting: RHB Richard Plautz
|
0-0: Ball 1-0: Foul Ball, location: 2F 1-1: Ground out 5-3 (Groundball, 5S, EV 81.9 MPH)
|
| Bottom of the 5th over - 0 runs, 1 hit, 0 errors, 1 left on base; Sioux Falls 0 - Watertown 1 |
| TOP OF THE 6TH |
|
Sioux Falls Packers batting - Pitching for Watertown Bucks : RHP Thomas Siebert
|
|
Batting: RHB Francisco Perez
|
0-0: Foul Ball, location: 2F 0-1: Ball 1-1: Called Strike 1-2: SINGLE (Line Drive, 78M, EV 111.9 MPH)
|
|
Batting: RHB Donald Devlin
|
0-0: Ball 1-0: SINGLE (Groundball, 56D, EV 106.3 MPH) Francisco Perez to second
|
|
Batting: RHB Javier Flores
|
0-0: Bunt missed! 0-1: Sac Bunt to 5S - play at first, batter OUT! 5-4 Francisco Perez to third Donald Devlin to second
|
|
Batting: LHB Mike Aldrete
|
0-0: Ball 1-0: Ball 2-0: Foul Ball, location: 2F 2-1: Ball 3-1: Base on Balls
|
|
Batting: SHB Dan Hanggie
|
0-0: Called Strike 0-1: Ball 1-1: Grounds into fielders choice 1-2 (Groundball, 15S, EV 72.5 MPH) Donald Devlin to third Mike Aldrete to second
|
|
Batting: LHB Randy Salava
|
0-0: Fielders Choice at 2nd, 5-4 (Groundball, 5, EV 88.8 MPH)
|
| Top of the 6th over - 0 runs, 2 hits, 0 errors, 3 left on base; Sioux Falls 0 - Watertown 1 |
| BOTTOM OF THE 6TH |
|
Watertown Bucks batting - Pitching for Sioux Falls Packers : LHP Jose Perez
|
|
Batting: LHB Greg Guin
|
0-0: Ball 1-0: Ball 2-0: Swinging Strike 2-1: Swinging Strike 2-2: Strikes out swinging
|
|
Batting: RHB Eugene Cattane
|
0-0: Ball 1-0: Called Strike 1-1: Swinging Strike 1-2: Foul Ball, location: 2F 1-2: Strikes out swinging
|
|
Batting: LHB Bryan Neal
|
0-0: Ball 1-0: Foul Ball, location: 2F 1-1: Ball 2-1: Foul Ball, location: 2F 2-2: Ground out 4-3 (Groundball, 4M, EV 85.0 MPH)
|
| Bottom of the 6th over - 0 runs, 0 hits, 0 errors, 0 left on base; Sioux Falls 0 - Watertown 1 |
| TOP OF THE 7TH |
|
Sioux Falls Packers batting - Pitching for Watertown Bucks : RHP Thomas Siebert
|
|
Batting: SHB Gary Springer
|
0-0: Ball 1-0: Called Strike 1-1: Ball 2-1: Foul Ball, location: 2F 2-2: Ground out 4-3 (Groundball, 4, EV 106.3 MPH)
|
|
Batting: LHB Michael Robbins
|
0-0: Ball 1-0: Ball 2-0: Foul Ball, location: 2F 2-1: Swinging Strike 2-2: Ball 3-2: Strikes out swinging, 2-3 out at first.
|
|
Batting: RHB Ben Amaya
|
0-0: Called Strike 0-1: Ball 1-1: Foul Ball, location: 2F 1-2: Ball 2-2: SINGLE (Line Drive, 7LD, EV 105.0 MPH)
|
|
Pinch Hitting: LHB Reggie West
|
0-0: Ball 1-0: Fielders Choice at 2nd, 6-4 (Groundball, 56, EV 86.9 MPH)
|
| Top of the 7th over - 0 runs, 1 hit, 0 errors, 1 left on base; Sioux Falls 0 - Watertown 1 |
| BOTTOM OF THE 7TH |
|
Watertown Bucks batting - Pitching for Sioux Falls Packers : LHP Jose Perez
|
|
Now at SS: Ricky Jones
|
|
|
Batting: SHB Luis Rivera
|
0-0: Ball 1-0: Called Strike 1-1: Ball 2-1: SINGLE (Line Drive, 7S, EV 101.9 MPH)
|
|
Batting: LHB Manuel Vigil
|
Pickoff Throw to First - Error! E1 Luis Rivera to second 0-0: Intentional Walk
|
|
Batting: RHB Thomas Dimino
|
0-0: Ball Luis Rivera steals 3rd base 1-0: Ground out 4-3 (Groundball, 34, EV 85.0 MPH) Manuel Vigil to second
|
|
Batting: RHB Robert Tanzi
|
0-0: Called Strike 0-1: Ball 1-1: Fly out, F9 (Line Drive, 9, EV 85.6 MPH) Runner from 3rd tags up, SCORES, throw by RF Manuel Vigil to third
|
|
Batting: RHB Randy Hunt
|
0-0: Swinging Strike 0-1: Ball 1-1: Ground out 3-1 (Groundball, 34, EV 83.8 MPH)
|
| Bottom of the 7th over - 1 run, 1 hit, 1 error, 1 left on base; Sioux Falls 0 - Watertown 2 |
| TOP OF THE 8TH |
|
Sioux Falls Packers batting - Pitching for Watertown Bucks : RHP Thomas Siebert
|
|
Batting: RHB Donald Devlin
|
0-0: Called Strike 0-1: Ball 1-1: Foul Ball, location: 2F 1-2: Ball 2-2: Foul Ball, location: 2F 2-2: Foul Ball, location: 2F 2-2: Foul Ball, location: 2F 2-2: Foul Ball, location: 2F 2-2: Ball 3-2: Fly out, F7 (Flyball, 7LM, EV 99.4 MPH)
|
|
Batting: RHB Javier Flores
|
0-0: Ball 1-0: Ground out 6-3 (Groundball, 6, EV 106.9 MPH)
|
|
Batting: LHB Mike Aldrete
|
0-0: Foul Ball, location: 2F 0-1: Foul Ball, location: 2F 0-2: Strikes out looking
|
| Top of the 8th over - 0 runs, 0 hits, 0 errors, 0 left on base; Sioux Falls 0 - Watertown 2 |
| BOTTOM OF THE 8TH |
|
Watertown Bucks batting - Pitching for Sioux Falls Packers : LHP Jose Perez
|
|
Batting: RHB Richard Plautz
|
0-0: Foul Ball, location: 2F 0-1: Fly out, F7 (Line Drive, 7D, EV 97.5 MPH)
|
|
Batting: LHB Greg Guin
|
0-0: Ball 1-0: Ball 2-0: Ball 3-0: Called Strike 3-1: Base on Balls
|
|
Batting: RHB Eugene Cattane
|
0-0: Called Strike 0-1: Ball 1-1: DOUBLE (Flyball, 8RXD, EV 106.3 MPH) Greg Guin to third
|
|
Batting: LHB Bryan Neal
|
0-0: Intentional Walk
|
|
Batting: SHB Luis Rivera
|
0-0: Called Strike 0-1: Ball 1-1: Foul Ball, location: 2F 1-2: Grounds into double play, 2-3 (Groundball, 15S, EV 66.9 MPH)
|
| Bottom of the 8th over - 0 runs, 1 hit, 0 errors, 2 left on base; Sioux Falls 0 - Watertown 2 |
| TOP OF THE 9TH |
|
Sioux Falls Packers batting - Pitching for Watertown Bucks : RHP Thomas Siebert
|
|
Batting: SHB Dan Hanggie
|
0-0: Ball 1-0: Ball 2-0: Ball 3-0: Called Strike 3-1: Ground out 1-3 (Groundball, 13S, EV 63.8 MPH)
|
|
Batting: LHB Randy Salava
|
0-0: Ball 1-0: Foul Ball, location: 2F 1-1: Foul Ball, location: 2F 1-2: Foul Ball, location: 2F 1-2: SINGLE (Line Drive, 78S, EV 93.8 MPH)
|
|
Batting: SHB Gary Springer
|
0-0: Ball 1-0: Called Strike 1-1: SINGLE (Flyball, 8RS, EV 90.6 MPH) Randy Salava to second
|
|
Batting: LHB Michael Robbins
|
0-0: Ball 1-0: Called Strike 1-1: Ball 2-1: Ball 3-1: Foul Ball, location: 2F 3-2: Foul Ball, location: 2F 3-2: Foul Ball, location: 2F 3-2: Fly out, F9 (Flyball, 9D, EV 96.3 MPH) Runner from 2nd tags up, SAFE at 3rd, no throw by RF
|
|
Batting: RHB Ben Amaya
|
0-0: Ball 1-0: Fielders Choice at 2nd, 5-4 (Groundball, 56, EV 83.1 MPH)
|
| Top of the 9th over - 0 runs, 2 hits, 0 errors, 2 left on base; Sioux Falls 0 - Watertown 2 |
|